 Dungeon Crawl Stone Soup version 0.23.0 (webtiles) character file.

Game seed: 2407934054568627988

5345 Monsterracer the Cruncher (level 10, -2/82 HPs)
             Began as a Formicid Chaos Knight on Feb 13, 2019.
             Was a Plaything of Xom.
             Killed by divine providence
             ... invoked by an orc priest
              (15 damage)
             ... on level 9 of the Dungeon.
             The game lasted 00:11:50 (10242 turns).

Monsterracer the Cruncher (Formicid Chaos Knight)  Turns: 10242, Time: 00:11:51

Health: -2/82      AC: 11    Str: 20      XL:     10   Next: 96%
Magic:  10/10      EV: 14    Int: 10      God:    Xom [.*....]
Gold:   416        SH:  3    Dex:  8 (10) Spells: 9/9 levels left

rFire    . . .     SeeInvis +   l - +1 quarterstaff
rCold    + . .     Gourm    .   (no shield)
rNeg     . . .     Faith    .   g - +3 ring mail {rC+}
rPois    .         Spirit   .   (helmet unavailable)
rElec    .         Reflect  +   v - +1 cloak
rCorr    .         Harm     .   t - +0 pair of gloves
MR       +....                  (no boots)
Stlth    ..........             B - +3 amulet of reflection
HPRegen  0.23/turn              y - +2 ring of strength
MPRegen  0.12/turn              w - +1 ring of evasion

@: no status effects
A: permanent stasis, dig shafts and tunnels, four strong arms, antennae 3,
blurry vision 1, deformed body, dopey 1, weak 1
a: Dig, Shaft Self, Renounce Religion


You were on level 9 of the Dungeon.
You worshipped Xom.
You were a plaything of Xom.
You were not hungry.

You visited 1 branch of the dungeon, and saw 9 of its levels.

You collected 416 gold pieces.

Inventory:

Hand Weapons
 l - a +1 quarterstaff (weapon)
 A - a +0 battleaxe
Armour
 g - a +3 ring mail of cold resistance (worn)
 t - a +0 pair of gloves (worn)
 v - a +1 cloak (worn)
Jewellery
 o - an uncursed amulet of regeneration
 w - a +1 ring of evasion (right hand)
 y - a +2 ring of strength (left hand)
 B - a +3 amulet of reflection (around neck)
Wands
 a - a wand of random effects (20)
 q - a wand of flame (32)
 z - a wand of paralysis (2)
Scrolls
 b - a scroll of amnesia
 p - 2 scrolls of enchant weapon
 r - 5 scrolls of remove curse
 x - 2 scrolls of fog
Potions
 e - a potion of curing
 h - 2 potions of flight
 i - a potion of brilliance {unknown}
 j - 3 potions of agility
 k - a potion of degeneration {unknown}
 m - 2 potions of lignification
 s - 2 potions of might
Comestibles
 c - 17 rations


   Skills:
 + Level 8.5 Fighting
   Level 5.1(7.5) Maces & Flails
 - Level 8.5(9.2) Staves
 + Level 8.0 Armour
 + Level 6.4 Dodging


You had 9 spell levels left.
You didn't know any spells.
Your spell library was empty.

Dungeon Overview and Level Annotations

Branches:
Dungeon (9/15)             Temple (0/1) D:4            Lair (0/6) D:8
    Orc: D:9-12

Altars:
Ashenzari
Fedhas
Kikubaaqudgha
Okawaru
Ru
Sif Muna
Xom
Yredelemnul
Zin
The Shining One

Annotations:
D:8 Grum


Innate Abilities, Weirdness & Mutations

You cannot be hasted, slowed, berserked, paralysed or teleported.
You can dig through walls and to a lower floor.
Your four strong arms can wield two-handed weapons with a shield.
You have a pair of large antennae on your head. (SInv)
Scrolls take you a little longer to read.
Armour fits poorly on your strangely shaped body.
You are dopey. (Int -2)
You are weak. (Str -2)


Message History

Found an amulet of inaccuracy.
Found a stone staircase leading up.
The orc priest calls down the wrath of Beogh upon you.
You resist with significant effort.
The orc priest looks braver for a moment.
You start waiting.
The orc warrior is too close now for your liking.
You hit the orc warrior but do no damage.
You barely miss the orc.
The orc warrior hits you with a +0 battleaxe!
You take 7 damage, and have 75/82 hp.
You hit the orc.
The orc is heavily wounded.
The orc hits you but does no damage.
You barely miss the orc.
The orc is heavily wounded.
The orc warrior misses you. The orc hits you but does no damage.
You closely miss the orc.
The orc is heavily wounded.
The orc hits you but does no damage.
You hit the orc.
You kill the orc!
The orc warrior misses you.
You barely miss the orc. You block the orc's attack.
The orc warrior hits you with a +0 battleaxe!
You take 13 damage, and have 63/82 hp.
You barely miss the orc. The orc barely misses you.
The orc warrior barely misses you.
You barely miss the orc.
A hound comes into view.
The orc hits you but does no damage.
You closely miss the orc.
The hound barks!
You hear a shout! x2
The orc warrior barely misses you. The orc hits you but does no damage.
You barely miss the orc. The orc misses you.
The orc warrior hits you but does no damage.
Your ring mail prevents you from hitting the orc.
The orc misses you.
You sock the orc!
You kill the orc!
The orc warrior hits you with a +0 battleaxe!
You take 12 damage, and have 52/82 hp.
You barely miss the hound. You block the hound's attack.
The hound closely misses you. The orc warrior barely misses you.
You closely miss the hound. The hound barely misses you.
You thump the hound!
The hound is heavily wounded.
The hound misses you.
The orc warrior hits you with a +0 battleaxe!
* * * LOW HITPOINT WARNING * * *
You take 14 damage, and have 39/82 hp.
Unknown command.
The hound barely misses you. You block the orc warrior's attack.
The hound barely misses you.
There is an open door here.
The hound closely misses you. The hound closely misses you.
The orc priest invokes the aid of Beogh against you.
Beogh smites you!
* * * LOW HITPOINT WARNING * * *
You take 12 damage, and have 28/82 hp.
The hound closely misses you.
Unknown command.
The hound barely misses you. "Burn, baby, burn!"
The fireball engulfs the orc warrior!
The fireball engulfs the orc priest!
The fireball engulfs the hound.
You are now a plaything of Xom.
The orc priest mumbles some strange prayers to Beogh against you.
Beogh smites you!
* * * LOW HITPOINT WARNING * * *
The hound bites you.
* * * LOW HITPOINT WARNING * * *
You take 12 damage, and have 16/82 hp.
The hound bites you but does no damage.
You hear Xom's avuncular chuckle.
The orc warrior is charmed.
The hound bites you.
* * * LOW HITPOINT WARNING * * *
Unknown command.
The orc priest calls down the wrath of Beogh upon you.
Your orc warrior writhes in agony!
The hound bites you.
* * * LOW HITPOINT WARNING * * *
Something barely misses the orc priest.
You take 2 damage, and have 14/82 hp.
Unknown command.
Something hits the orc priest!
The orc priest dies!
The hound misses you. The hound misses you.
You see here an uncursed amulet of inaccuracy.
The hound closely misses you.
There is an open door here.
The hound bites you.
* * * LOW HITPOINT WARNING * * *
You take 2 damage, and have 13/82 hp.
Unknown command.
The orc priest calls down the wrath of Beogh upon you.
Beogh smites you!
You die...

..#####'##### #### ..#
#.##### †## #.....# .#
#####.# ########+##
.##########'#### #.........#
###............# #.........#
# #............####.........#
###............'.##..†......#
#.'............#@h'.".......#
'†#............####!........#
###............# #.........#
# #######'###### #....o....+
# #.# #.........# # ###.#
########.## #...# #######.##
#.### #.......[# ##.########
#......o.#


You could see a hound and an orc priest.

Vanquished Creatures
  A two-headed ogre (D:8)
  A troll (D:4)
  Sigmund (D:3)
  A shadow (D:9)
  A yak (D:8)
  Menkaure (D:4)
  A steam dragon (D:8)
  4 ice beasts
  3 orc warriors
  A necrophage (D:8)
  3 sky beasts
  A black bear (D:6)
  3 ogres
  A phantom (D:6)
  8 centaurs
  5 bullfrogs
  2 water moccasin skeletons (D:8)
  2 scorpions
  A howler monkey (D:4)
  A centaur zombie (D:8)
  4 orc priests
  4 hounds
  A jelly (D:8)
  A gnoll shaman (D:4)
  2 centaur skeletons
  Ijyb (D:4)
  An iguana (D:8)
  7 orc wizards
  4 worker ants
  2 howler monkey skeletons (D:6)
  14 adders
  15 gnolls
  A river rat (D:3)
  4 shadow imps
  An ooze (D:6)
  2 adder zombies
  4 worms
  11 leopard geckos
  24 orcs
  3 bats
  6 giant cockroaches
  2 goblins (D:2)
  4 hobgoblins
  22 jackals
  6 kobolds
  4 quokkas
  A ball python (D:3)
  2 frilled lizards
  A jackal skeleton (D:4)
  10 rats
206 creatures vanquished.

Vanquished Creatures (collateral kills)
  A crimson imp (D:6)
  2 orc priests
  An orc (D:6)
4 creatures vanquished.

Vanquished Creatures (others)
  A jackal (D:8)
1 creature vanquished.

Grand Total: 211 creatures vanquished

Notes
Turn   | Place    | Note
-------+----------+-------------------------------------------
     0 | D:1      | Monsterracer the Formicid Chaos Knight began the quest for
                  | the Orb.
     0 | D:1      | Reached XP level 1. HP: 18/18 MP: 1/1
    28 | D:1      | XOM: harmless Tmut miscast
    42 | D:1      | Reached skill level 1 in Dodging
   107 | D:1      | XOM: divination: magic mapping
   530 | D:1      | Reached XP level 2. HP: 24/24 MP: 2/2
   658 | D:1      | XOM: mild Summ miscast
   658 | D:1      | HP: 12/24 [something (12)]
  1079 | D:1      | Reached XP level 3. HP: 27/29 MP: 3/3
  1490 | D:2      | Found a deep blue altar of Sif Muna.
  1491 | D:2      | Found an iron altar of Okawaru.
  1491 | D:2      | Found a basalt altar of Yredelemnul.
  1503 | D:2      | Found a blossoming altar of Fedhas.
  1555 | D:2      | Noticed a centaur
  1555 | D:2      | an ooze changed into a centaur
  1559 | D:2      | Killed a centaur
  1559 | D:2      | Reached XP level 4. HP: 28/37 MP: 4/4
  1559 | D:2      | Reached XP level 5. HP: 32/42 MP: 5/5
  1601 | D:2      | XOM: mild Necr miscast
  1826 | D:2      | HP: 20/42 [adder (2)]
  1831 | D:2      | HP: 17/42 [poisoned by an adder]
  1836 | D:2      | HP: 14/42 [poisoned by an adder]
  1841 | D:2      | HP: 13/42 [poisoned by an adder]
  1848 | D:2      | HP: 12/42 [poisoned by an adder]
  1856 | D:2      | HP: 11/42 [poisoned by an adder]
  2547 | D:3      | Noticed Sigmund
  2559 | D:3      | Killed Sigmund
  2559 | D:3      | Reached skill level 5 in Maces & Flails
  2559 | D:3      | Reached XP level 6. HP: 49/49 MP: 4/6
  2955 | D:3      | XOM: harmless Fire miscast
  3142 | D:3      | Reached XP level 7. HP: 55/55 MP: 7/7
  3174 | D:4      | HP: 17/55 [ogre/+0 giant club (19)]
  3181 | D:4      | HP: 16/55 [poisoned by an adder]
  3185 | D:5      | Entered Level 5 of the Dungeon
  3186 | D:5      | HP: 17/55 [adder (1)]
  3189 | D:5      | HP: 8/55 [adder (2)]
  3197 | D:5      | HP: 10/55 [poisoned by an adder]
  3205 | D:5      | HP: 13/55 [poisoned by an adder]
  3282 | D:4      | XOM: noise
  3283 | D:4      | Noticed a troll
  3283 | D:4      | an ogre changed into a troll
  3283 | D:4      | XOM: polymorph ogre -> troll
  3286 | D:4      | XOM: potion effect (curing)
  3290 | D:4      | XOM: summons 4 friendly demons
  3438 | D:4      | Reached skill level 1 in Staves
  3546 | D:4      | Noticed Menkaure
  3558 | D:4      | HP: 17/55 [??? (15)]
  3559 | D:4      | Killed Menkaure
  3559 | D:4      | Reached skill level 5 in Fighting
  3592 | D:4      | XOM: chaos upgrade
  3595 | D:4      | HP: 28/56 [gnoll/+0 spear (8)]
  3599 | D:4      | HP: 13/56 [gnoll/+1 spear of freezing (4)]
  3600 | D:4      | HP: 4/56 [gnoll/+0 spear (5)]
  3606 | D:4      | HP: 5/56 [gnoll/+0 spear (2)]
  3610 | D:4      | XOM: polymorph gnoll -> river rat
  3640 | D:4      | XOM: mild Pois miscast
  3641 | D:4      | HP: 24/56 [poisoned by the severe capriciousness of Xom
                  | (residual poison)]
  3649 | D:4      | HP: 26/56 [poisoned by the severe capriciousness of Xom
                  | (residual poison)]
  3671 | D:4      | XOM: enchant monster (bad)
  3737 | D:4      | HP: 26/56 [gnoll (4)]
  3862 | D:4      | HP: 27/56 [troll (10)]
  3867 | D:4      | XOM: enchant monster (bad)
  3882 | D:4      | XOM: mild Tmut miscast
  3882 | D:4      | HP: 28/56 [something (9)]
  3891 | D:4      | XOM: scenery: create altars
  3908 | D:4      | XOM: divination: magic mapping
  3919 | D:4      | XOM: potion effect (brilliance)
  3926 | D:4      | XOM: summons 2 friendly demons
  4008 | D:4      | XOM: destruction
  4013 | D:4      | HP: 18/56 [troll (12)]
  4023 | D:4      | XOM: destruction
  4034 | D:4      | XOM: scenery: create altars
  4035 | D:4      | XOM: noise
  4037 | D:4      | XOM: scenery: create altars
  4044 | D:4      | HP: 27/56 [troll (9)]
  4064 | D:4      | XOM: summons 4 friendly demons
  4074 | D:4      | XOM: enchant monster (good)
  4287 | D:4      | Noticed Ijyb
  4325 | D:4      | Killed Ijyb
  4335 | D:4      | Reached XP level 8. HP: 49/62 MP: 8/8
  4472 | D:4      | Found a staircase to the Ecumenical Temple.
  4864 | D:4      | Found a shimmering altar of Xom.
  4864 | D:4      | Found a shimmering altar of Xom.
  4865 | D:4      | Found a shimmering altar of Xom.
  4865 | D:4      | Found a shimmering altar of Xom.
  4866 | D:4      | Found a shimmering altar of Xom.
  4867 | D:4      | Found a shimmering altar of Xom.
  4867 | D:4      | Found a shimmering altar of Xom.
  4867 | D:4      | Found a shimmering altar of Xom.
  4869 | D:4      | Found a shimmering altar of Xom.
  4869 | D:4      | Found a shimmering altar of Xom.
  4996 | D:4      | Found a staircase to the Ecumenical Temple.
  5196 | D:4      | XOM: mild Chrm miscast
  5208 | D:4      | Killed a troll
  5221 | D:4      | XOM is BORED!
  5221 | D:4      | XOM: medium Erth miscast
  5750 | D:5      | Reached skill level 5 in Armour
  5830 | D:6      | XOM: fog
  5918 | D:6      | XOM: cast spell 'Summon Horrible Things'
  5956 | D:6      | XOM: fog
  6007 | D:6      | XOM: swap monsters
  6009 | D:6      | Reached XP level 9. HP: 58/69 MP: 9/9
  6022 | D:6      | Reached skill level 5 in Staves
  6113 | D:6      | Found a shattered altar of Ashenzari.
  6206 | D:6      | XOM: scenery: create altars
  6280 | D:6      | XOM: god gift: 3 needles of sleeping
  6284 | D:6      | XOM: potion effect (agility)
  6323 | D:6      | XOM: summons 2 friendly demons
  7005 | D:7      | XOM: blink monster(s)
  7007 | D:7      | Reached skill level 5 in Dodging
  7016 | D:7      | XOM: confusion
  7040 | D:7      | XOM: harmless Air miscast
  7065 | D:7      | XOM: fog
  7066 | D:7      | XOM: polymorph hound -> worm
  7183 | D:7      | Found an ancient bone altar of Kikubaaqudgha.
  7294 | D:7      | XOM: summons 4 hostile demons
  7393 | D:7      | HP: 25/72 [orc warrior/+0 glaive (21)]
  7401 | D:7      | HP: 19/72 [orc wizard/magic dart (8)]
  7411 | D:8      | HP: 10/72 [iguana (11)]
  7722 | D:8      | Reached XP level 10. HP: 78/79 MP: 10/10
  7784 | D:8      | XOM: summons 1 hostile demon
  8041 | D:8      | Found a staircase to the Lair.
  8161 | D:8      | XOM: stat loss: -1 Str (21/22)
  8166 | D:8      | XOM: polymorph hippogriff -> golden eye
  8167 | D:8      | XOM: polymorph golden eye -> yak
  8325 | D:8      | XOM: harmless Hex miscast
  8412 | D:8      | Noticed a two-headed ogre
  8422 | D:8      | XOM: cleaving
  8431 | D:8      | HP: 29/80 [two-headed ogre/+0 giant club (25)]
  8448 | D:8      | XOM: confusion
  8452 | D:8      | HP: 12/80 [two-headed ogre/+0 giant club (10)]
  8468 | D:8      | XOM: noise
  8473 | D:8      | HP: 9/80 [centaur/+0 dagger (7)]
  8480 | D:8      | XOM: confusion
  8480 | D:8      | HP: 11/80 [two-headed ogre/+0 giant club (20)]
  8487 | D:8      | HP: 30/80 [two-headed ogre/+0 giant club (9)]
  8489 | D:8      | Killed a two-headed ogre
  8565 | D:8      | XOM: give mutation
  8565 | D:8      | Gained mutation: Scrolls take you a little longer to read.
                  | [Xom's mischief]
  8708 | D:8      | XOM: medium Air miscast
  8957 | D:8      | XOM: blink monster(s)
  8969 | D:8      | XOM: give mutation
  8969 | D:8      | Gained mutation: You are dopey. (Int -2) [Xom's mischief]
  8979 | D:8      | XOM: harmless Ice miscast
  9118 | D:8      | Noticed Grum
  9173 | D:8      | Found a sacrificial altar of Ru.
  9481 | D:8      | XOM: give mutations
  9481 | D:8      | Gained mutation: Armour fits poorly on your strangely
                  | shaped body. [Xom's mischief]
  9481 | D:8      | Gained mutation: You are clumsy. (Dex -2) [Xom's mischief]
  9481 | D:8      | Lost mutation: You are clumsy. (Dex -2) [Xom's mischief]
  9481 | D:8      | Gained mutation: You are weak. (Str -2) [Xom's mischief]
  9591 | D:8      | Found an ancient bone altar of Kikubaaqudgha.
  9675 | D:9      | XOM: silly message
  9725 | D:9      | XOM: cast spell 'Disjunction'
  9728 | D:9      | XOM: summons 5 hostile demons
  9767 | D:9      | XOM: confuse monster(s)
  9899 | D:9      | Found a shimmering altar of Xom.
  9899 | D:9      | Found a glowing silver altar of Zin.
  9899 | D:9      | Noticed an angel
 10040 | D:9      | Found a glowing golden altar of the Shining One.
 10216 | D:9      | HP: 39/82 [orc warrior/+0 battleaxe (14)]
 10223 | D:9      | HP: 28/82 [orc priest/divine providence (13)]
 10228 | D:9      | XOM: destruction
 10228 | D:9      | HP: 17/82 [orc priest/divine providence (12)]
 10231 | D:9      | XOM: enchant monster (good)
 10234 | D:9      | HP: 14/82 [hound (2)]
 10241 | D:9      | HP: 13/82 [hound (3)]
 10242 | D:9      | Killed from afar by an orc priest

Skill      XL: |  1  2  3  4  5  6  7  8  9 10 |
---------------+-------------------------------+-----
Dodging        | 1 2 3 4 5 6 |  6.4
Maces & Flails | 4 5 |  5.1
Armour         | 3 4 5 6 8 |  8.0
Fighting       | 4 5 6 7 8 |  8.5
Staves         | 2 4 6 8 |  8.5

Action                   |  1- 3 |  4- 6 |  7- 9 | 10-12 || total
-------------------------+-------+-------+-------+-------++-------
Melee: Mace              |    74 |   137 |       |       ||   211
       Quarterstaff      |       |       |   470 |   273 ||   743
Throw: Throwing net      |       |       |     1 |       ||     1
Evoke: Wand              |       |       |     3 |       ||     3
  Use: Scroll            |       |       |    15 |     5 ||    20
       Potion            |       |       |       |     4 ||     4
 Stab: Sleeping          |     1 |       |       |       ||     1
       Confused          |       |       |     2 |     1 ||     3
       Held in net/web   |       |       |     2 |       ||     2
  Eat: Chunk             |     2 |     5 |    11 |     9 ||    27
       Ration            |       |       |     1 |       ||     1
Armor: Leather armour    |    23 |    47 |    35 |       ||   105
       Ring mail         |       |       |   165 |   113 ||   278
Dodge: Dodged            |    51 |   113 |   376 |   223 ||   763
Block: Other             |       |       |    13 |    46 ||    59
       Reflection        |       |       |       |     1 ||     1

Levels and vault maps discovered:
D:1:      lemuel_arrival_funnel, layout_basic, kennysheep_nondescript,
          st_stairs_12
D:2:      layout_basic, chequers_temple_overflow_statue_of_worship
D:3:      layout_loops_cross, uniq_sigmund
D:4:      layout_loops_ring, minmay_temple_entry_nine_rooms, first_ration,
          uniq_menkaure, uniq_ijyb
D:5:      layout_loops_cross
D:6:      layout_basic, kennysheep_mini_moat
D:7:      layout_cave_pods, bloody_trog, basic_altar, grunt_livestock
D:8:      kennysheep_blocky_hall, layout_loops_ring,
          nicolae_overflow_hidden_temple, nicolae_ru_awakened_eye, uniq_grum
D:9:      layout_roguey, grunt_temple_overflow_order_and_chaos_1,
          marbit_many_paths, kennysheep_little_box,
          nicolae_tso_carved_into_rock, lemuel_another_geyser
